 Dungeon Crawl Stone Soup version 0.21-a0-404-g291f19a (webtiles) character file.

109 ohad the Changer (level 4, -3/32 HPs)
             Began as a Demonspawn Transmuter on Oct 27, 2017.
             Killed from afar by an orc wizard (7 damage)
             ... with a puff of flame
             ... on level 3 of the Dungeon.
             The game lasted 00:05:54 (2998 turns).

ohad the Changer (Demonspawn Transmuter)            Turns: 2998, Time: 00:05:55

Health: -3/32      AC:  2    Str: 10    XL:     4   Next: 60%
Magic:  3/7        EV: 18    Int: 15    God:
Gold:   237        SH:  0    Dex: 19    Spells: 1/7 levels left

rFire    . . .     SeeInvis .     - Unarmed
rCold    . . .     Gourm    .   (shield currently unavailable)
rNeg     . . .     Faith    .   (armour currently unavailable)
rPois    x         Spirit   .   (helmet currently unavailable)
rElec    .         Reflect  .   (cloak currently unavailable)
rCorr    .         Harm     .   (gloves currently unavailable)
MR       .....                  (boots currently unavailable)
Stlth    ++........             (no amulet)
HPRegen  0.10/turn              (no ring)
MPRegen  0.10/turn              (no ring)

@: spider-form (expiring), drained
A: no striking features
a: End Transformation


You were on level 3 of the Dungeon.
You were not hungry.
You were a venomous arachnid creature.
You visited 1 branch of the dungeon, and saw 3 of its levels.

You collected 237 gold pieces.

Inventory:

Hand Weapons
 w - a +2 dagger of draining
 y - a +0 rapier of flaming
Missiles
 a - 24 arrows
 p - 43 bolts
Armour
 b - a +0 robe (melded)
 g - a +0 leather armour
 m - a +0 scale mail
 t - a +0 cloak (melded)
Jewellery
 k - an uncursed ring of ice
Scrolls
 e - a scroll of identify {unknown}
 i - 3 scrolls of fear {unknown}
 l - a scroll of enchant armour {unknown}
 o - a scroll of magic mapping {unknown}
 q - a scroll of amnesia {unknown}
 s - a scroll of teleportation {unknown}
 v - a scroll of remove curse {unknown}
 x - a scroll of immolation {unknown}
Potions
 f - a potion of lignification {unknown}
 n - 2 potions of curing {unknown}
 r - a potion of mutation {unknown}
 z - a potion of degeneration {unknown}
Books
 c - a book of Changes

   Spells                             Type                      Level
   a - Beastly Appendage              Transmutation                1
   b - Sticks to Snakes               Transmutation                2
   c - Spider Form                    Transmutation/Poison         3
   d - Ice Form                       Ice/Transmutation            4
   e - Blade Hands                    Transmutation                5
Comestibles
 d - 5 bread rations
 h - a meat ration
 j - 3 chunks of flesh
 u - 8 fruits


   Skills:
 - Level 1.0(0.2) Fighting
 - Level 1.7(1.0) Dodging
 - Level 2.6(1.9) Unarmed Combat
 - Level 2.0(1.2) Spellcasting
 + Level 4.4(3.6) Transmutations


You had one spell level left.
You knew the following spells:

 Your Spells              Type           Power        Failure   Level  Hunger
a - Beastly Appendage     Tmut           ##....       16%         1    ##.....
b - Sticks to Snakes      Tmut           ##......     22%         2    ###....
c - Spider Form           Tmut/Pois      #.........   56%         3    ####...


Dungeon Overview and Level Annotations

Branches:
Dungeon (3/15)

Altars:
Hepliaklqana
Nemelex Xobeh
Xom
Zin

Annotations:
D:3 Rhok's ghost, weakling DsCK


Innate Abilities, Weirdness & Mutations

((Your flesh is cold resistant. (rC+)))


Message History

You bite the orc priest!
The orc priest looks as sick as possible!
The orc priest is almost dead.
The orc priest hits you with a hand axe.
* * * LOW HITPOINT WARNING * * *
You completely miss the orc priest.
The orc priest is almost dead.
The orc wizard casts a spell.
The orc wizard seems to speed up.
The orc priest barely misses you.
You hit the orc priest.
You kill the orc priest!
The orc wizard hits you but does no damage.
The orc wizard closely misses you.
You barely miss the orc wizard. The orc wizard closely misses you.
You hit the orc wizard but do no damage.
The orc wizard is poisoned.
Your transformation is almost over.
The orc wizard gestures at you while chanting.
The puff of flame hits you!
You die...

#######.#.##....#
#
..........##....#
#
######'####....#
# #.......######
# ...####.......#
# ...'..'.......#
..####†).....#
#### #...)......#
#...
#...#..s.!....#
###...
..#...#)o.....#
#.....
#...#...#.....#
#.....
..#...#...#..##
#....# #
..#.).#....#
#....# .#..
#...#.!# #....#
..# ..# ..#
#..... #. #.. ##
#).... ####..


You could see an orc wizard.

Vanquished Creatures
  An orc priest (D:3)
  2 adders
  An ooze (D:2)
  A leopard gecko (D:1)
  5 orcs
  2 giant cockroaches
  6 goblins
  7 hobgoblins
  2 jackals (D:2)
  5 bats
  7 frilled lizards
  7 kobolds
  9 rats
55 creatures vanquished.

Vanquished Creatures (collateral kills)
  A kobold (D:3)
  A frilled lizard (D:2)
2 creatures vanquished.

Grand Total: 57 creatures vanquished

Notes
Turn   | Place    | Note
-------+----------+-------------------------------------------
     0 | D:1      | ohad the Demonspawn Transmuter began the quest for the Orb.
     0 | D:1      | Reached XP level 1. HP: 15/15 MP: 3/3
    50 | D:1      | Reached skill level 2 in Transmutations
   455 | D:1      | Gained mutation: Your flesh is cold resistant. (rC+) [demonic ancestry]
   455 | D:1      | Reached XP level 2. HP: 17/21 MP: 3/5
   725 | D:1      | Learned a level 2 spell: Sticks to Snakes
  1125 | D:2      | Reached skill level 3 in Transmutations
  1187 | D:2      | Reached XP level 3. HP: 21/26 MP: 6/6
  1192 | D:2      | Learned a level 3 spell: Spider Form
  1239 | D:2      | Found a sparkling altar of Nemelex Xobeh.
  1765 | D:2      | Found a glowing silver altar of Zin.
  1898 | D:2      | Found a hazy altar of Hepliaklqana.
  1899 | D:2      | Found a shimmering altar of Xom.
  1899 | D:2      | Noticed a hell beast
  1904 | D:2      | Noticed a hell beast
  1904 | D:2      | Noticed a spectral ugly thing
  2305 | D:3      | Noticed Rhok's ghost (weakling DsCK)
  2579 | D:3      | Reached XP level 4. HP: 21/32 MP: 0/7
  2815 | D:3      | Reached skill level 4 in Transmutations
  2998 | D:3      | Killed from afar by an orc wizard

Vault maps used:
D:1:      dpeg_arrival_court, minmay_octomino_j4
D:2:      regret_index_temple_of_mockery, lemuel_coloured_pillars_altar,
          first_bread, nemelex_dance_club_becter
D:3:      hex_medium

Skill      XL: |  1  2  3  4 |
---------------+-------------+-----
Transmutations | 2 3 4 |  4.4
Fighting       | |  1.0
Dodging        | |  1.7
Unarmed Combat | |  2.6
Spellcasting   | |  2.0

Action                   |  1- 3 |  4- 6 || total
-------------------------+-------+-------++-------
Melee: Unarmed           |   154 |    24 ||   178
       Kick              |     9 |       ||     9
       Headbutt          |    13 |     1 ||    14
 Cast: Beastly Appendage |    28 |     2 ||    30
       Sticks to Snakes  |     6 |       ||     6
       Spider Form       |       |     3 ||     3
 Stab: Sleeping          |     3 |       ||     3
  Eat: Chunk             |     6 |       ||     6
       Royal jelly       |       |     1 ||     1
Armor: Robe              |    31 |       ||    31
       Skin              |       |     1 ||     1
Dodge: Dodged            |    92 |    14 ||   106

Table legend:
 A = Spawn XP
 B = Non-spawn XP
 C = Spawn XP percentage of total XP
 D = Spawn monster count
 E = Non-spawn monster count
 F = Spawn count percentage of total count
 G = Total turns spent on level
                    A         B        C        D         E        F      G
               +---------+---------+-------+---------+---------+-------+---------
         Total |       0 |     157 |   0.0 |       0 |      57 |   0.0 |  2998
               +---------+---------+-------+---------+---------+-------+---------
           D:1 |       0 |      27 |   0.0 |       0 |      20 |   0.0 |  1110
           D:2 |       0 |      51 |   0.0 |       0 |      22 |   0.0 |   969
           D:3 |       0 |      79 |   0.0 |       0 |      15 |   0.0 |   919
               +---------+---------+-------+---------+---------+-------+---------
